AoeStats
← getdegekke

Nomad

514623912Analyzed
2v2 RM · 23h ago on Oct 18, 2026· 33m 30s· 4 players
Game mode
Random Map
Map size
176×176
Population
200
Speed
Normal
Resources
Standard
Victory
Conquest
Starting age
Dark Age
Ending age
Imperial Age
RankedLock teamsTeams togetherTeam positionsShared explorationLock speedFull tech treeHidden civsTurbo modeCheats
Victory
Defeat
🇵🇱 Japanese · Poland
994
+14
🇮🇳 Khmer · India
959
+16
vs
🇬🇧 Wu · United Kingdom
958
-15
🇳🇱 Byzantines · Netherlands
952
-44
getdegekke
14:31 Loom
16:50 Feudal Age
17:36 Horse Collar
19:48 Double-Bit Axe
24:35 Fletching
26:54 Padded Archer Armor
tobywilson8
5:34 Loom
14:29 Feudal Age
20:04 Castle Age
18:02 Fishing Lines
21:26 Town Watch
23:29 Medium Warships
23:58 Stone Mining
23:59 Gold Mining
23:56 Double-Bit Axe
25:38 Wheelbarrow
29:08 Fletching
YOGI7225
14:44 Feudal Age
14:30 Loom
15:45 Double-Bit Axe
15:56 Man-at-Arms
16:50 Fishing Lines
17:10 Arson
18:05 Gold Mining
19:42 Forging
19:33 Scale Mail Armor
24:29 Castle Age
24:35 Long Swordsman
25:01 Gambesons
25:16 Squires
25:53 Iron Casting
25:54 Bow Saw
26:22 Gold Shaft Mining
28:31 Fletching
29:35 Chain Mail Armor
29:23 Gillnets
30:17 Town Watch
36:00 Imperial Age
RajaPuru
4:35 Loom
13:27 Feudal Age
14:09 Double-Bit Axe
15:14 Gold Mining
15:14 Stone Mining
21:13 Castle Age
22:39 Wheelbarrow
23:44 Bloodlines
27:14 Forging
31:33 Scale Barding Armor
33:33 Hand Cart
Connection lost

Rejoining the realm…

Still unreachable

The connection could not be restored.

Session expired

The server has moved on; the page needs a fresh start.